 Dungeon Crawl Stone Soup version 0.28-a0-941-g140ffa10cf (webtiles) character file.

Game seed: 5724303094080631125

1389 oedwai the Spear-Bearer (level 8, 0/68 HPs)
             Began as a Minotaur Fighter on Nov 29, 2021.
             Was a Believer of Okawaru.
             Slain by Duvessa (12 damage)
             ... on level 5 of the Dungeon.
             The game lasted 00:36:22 (8999 turns).

oedwai the Spear-Bearer (Minotaur Fighter)          Turns: 8999, Time: 00:36:23

Health: 0/68       AC: 12    Str: 24    XL:     8   Next: 40%
Magic:  7/7        EV:  7    Int:  5    God:    Okawaru [**....]
Gold:   258        SH:  4    Dex:  9    Spells: 7/7 levels left

rFire   . . .      SeeInvis .   a - +1 trident
rCold   . . .      Faith    .   c - +0 buckler
rNeg    . . .      Spirit   .   o - +0 plate armour
rPois   .          Reflect  .   (helmet restricted)
rElec   .          Harm     .   (no cloak)
rCorr   .          Rampage  .   (no gloves)
Will    .....                   (no boots)
Stlth   ..........              (no amulet)
HPRegen 0.21/turn               (no ring)
MPRegen 0.10/turn               (no ring)

@: no status effects
A: horns 2, retaliatory headbutt
a: Renounce Religion, Heroism


You were on level 5 of the Dungeon.
You worshipped Okawaru.
Okawaru was pleased with you.
You visited 2 branches of the dungeon, and saw 7 of its levels.

You collected 258 gold pieces.

Inventory:

Hand Weapons
 a - a +1 trident (weapon)
Missiles
 l - 4 javelins
Armour
 c - a +0 buckler (worn)
 n - a +0 chain mail
 o - a +0 plate armour (worn)
 u - a +0 robe of willpower
Jewellery
 q - an amulet of faith
 r - an amulet of reflection
Wands
 p - a wand of flame (17) (quivered)
Scrolls
 e - 2 scrolls of amnesia
 g - 5 scrolls of identify
 h - 3 scrolls of fog
 j - a scroll of enchant armour {unknown}
 m - a scroll of teleportation
 t - a scroll of brand weapon {unknown}
Potions
 b - a potion of magic {unknown}
 d - a potion of might
 i - a potion of flight {unknown}
 k - 2 potions of lignification {unknown}
 s - a potion of curing {unknown}


   Skills:
 + Level 5.0 Fighting
 * Level 9.0(9.4) Polearms
 * Level 3.9(6.9) Staves
 + Level 6.4 Armour
 + Level 2.3 Dodging
 + Level 0.9 Stealth
 + Level 4.7 Shields


You had 7 spell levels left.
You didn't know any spells.
Your spell library contained the following spells:

 Spells                   Type           Power      Damage    Failure   Level
 Sandblast                Erth           0%         2d4       100%        1
 Passwall                 Tmut/Erth      0%         N/A       100%        2
 Stone Arrow              Conj/Erth      0%         3d7       100%        3


Dungeon Overview and Level Annotations

Branches:
Dungeon (6/15)             Temple (1/1) D:5

Altars:
Ashenzari
Cheibriados
Dithmenos
Fedhas
Gozag
Hepliaklqana
Kikubaaqudgha
Makhleb
Nemelex Xobeh
Okawaru
Qazlal
Sif Muna
Trog
Uskayaw
Vehumet
Wu Jian
Xom
Zin

Shops:
D:4 ?

Annotations:
D:5 Duvessa


Innate Abilities, Weirdness & Mutations

You have a pair of horns on your head.
You reflexively headbutt those who attack you in melee.


Message History

Duvessa barely misses you. You furiously retaliate!
You headbutt Duvessa, but do no damage. You barely miss Dowan.
Your headbutt misses Dowan.
Dowan is severely wounded.
Dowan hits you with a +3 dagger of flaming.
Dowan burns you. Duvessa hits you with a +0 short sword.
The centaur zombie hits you. The centaur zombie barely misses you.
You hit Dowan.
You kill Dowan!
Okawaru accepts your kill.
Duvessa screams in rage.
Duvessa goes berserk!
Duvessa hits you with a +0 short sword! You block the centaur zombie's attack.
The centaur zombie kicks you but does no damage.
You puncture the centaur zombie! You headbutt the centaur zombie!
The centaur zombie is severely damaged.
Duvessa hits you with a +0 short sword.
The centaur zombie hits you but does no damage.
The centaur zombie kicks you but does no damage.
Duvessa hits you with a +0 short sword!
* * * LOW HITPOINT WARNING * * *
There is a stone staircase leading down here.
There is a stone staircase leading up here.
Duvessa hits you but does no damage. Duvessa barely misses you.
You climb upwards.
There is a stone staircase leading down here.
Unknown command.
You are too injured to fight recklessly!
You are too injured to fight recklessly!
You are too injured to fight recklessly!
You are too injured to fight recklessly!
You hit Duvessa.
Duvessa is lightly wounded.
Duvessa hits you with a +0 short sword.
* * * LOW HITPOINT WARNING * * *
Duvessa hits you but does no damage.
You puncture Duvessa! Your headbutt misses Duvessa.
Duvessa is moderately wounded.
Duvessa hits you with a +0 short sword!
You die...

....######..#.##..........#
............#.##..........#
.#..######.##.##..........#######
.#.......#..#.##.................
.#.####.##..#.###########........
.#.# #.###.#.# #...[.... .#.#
#.....#.# #........ .#.#
#######.#### #........
.#.####........e@########........
.#.†....#####.#........##########
.#........# #.#........#
.'........###.#........#
##..........#.#........#
.......#'#..#.##'#######
#####.##.#..#.##.# #.##.#.....#.#
#.##.#.##..#.#


You could see Duvessa (berserk, fast).

Vanquished Creatures
  Pikel (D:4)
  A water moccasin (D:5)
  An ice beast (D:4)
  A lemure (D:4)
  A scorpion (D:5)
  A water moccasin zombie (D:5)
  A water moccasin skeleton (D:5)
  Dowan (D:6)
  A bullfrog zombie (D:5)
  A bullfrog skeleton (D:6)
  A centaur skeleton (D:5)
  2 hounds (D:5)
  2 orc priests
  5 orc wizards
  4 gnolls (D:4)
  6 adders
  An ufetubus (D:4)
  A dart slug (D:3)
  6 worms
  17 orcs
  6 ball pythons
  5 endoplasms
  3 giant cockroaches
  3 hobgoblins
  6 jackals
  3 quokkas (D:2)
  6 bats
  A frilled lizard (D:3)
  6 goblins
  9 kobolds
  3 rats
106 creatures vanquished.

Notes
Turn   | Place    | Note
-------+----------+-------------------------------------------
     0 | D:1      | oedwai the Minotaur Fighter began the quest for the Orb.
     0 | D:1      | Reached XP level 1. HP: 19/19 MP: 0/0
    33 | D:1      | Found a faded altar of an unknown god.
  1822 | D:1      | Reached XP level 2. HP: 27/27 MP: 1/1
  1989 | D:1      | You fall into a shaft and drop 1 floor!
  3296 | D:2      | Reached XP level 3. HP: 33/33 MP: 2/2
  3533 | D:2      | Reached skill level 3 in Polearms
  4544 | D:2      | Reached skill level 1 in Staves
  4544 | D:2      | Reached XP level 4. HP: 17/40 MP: 3/3
  5235 | D:3      | Reached skill level 4 in Polearms
  5486 | D:3      | Reached XP level 5. HP: 46/46 MP: 4/4
  5736 | D:4      | Noticed an ice beast
  5759 | D:4      | Killed an ice beast
  5760 | D:4      | Reached skill level 5 in Polearms
  5760 | D:4      | Reached skill level 5 in Armour
  5760 | D:4      | Reached skill level 1 in Dodging
  5872 | D:4      | Reached XP level 6. HP: 29/52 MP: 5/5
  6184 | D:4      | Found an iron altar of Okawaru.
  6199 | D:4      | Became a worshipper of Warmaster Okawaru
  6206 | D:4      | Noticed Pikel
  6243 | D:4      | Killed Pikel
  6243 | D:4      | Reached * piety under Okawaru
  6244 | D:4      | Reached skill level 7 in Polearms
  6244 | D:4      | Reached XP level 7. HP: 21/60 MP: 6/6
  6709 | D:4      | Found Qitzufyif's Magic Scroll Shoppe.
  7007 | D:5      | Entered Level 5 of the Dungeon
  7594 | D:5      | Found a staircase to the Ecumenical Temple.
  7603 | Temple   | Entered the Ecumenical Temple
  7968 | D:5      | Reached skill level 8 in Polearms
  8067 | D:5      | Reached XP level 8. HP: 67/67 MP: 7/7
  8097 | D:5      | Found a hide-covered altar of Uskayaw.
  8236 | D:5      | Found a sparkling altar of Nemelex Xobeh.
  8427 | D:5      | Reached skill level 5 in Fighting
  8693 | D:6      | Found a stormy altar of Qazlal.
  8709 | D:6      | Found a blossoming altar of Fedhas.
  8971 | D:6      | Reached ** piety under Okawaru
  8972 | D:6      | Reached skill level 9 in Polearms
  8983 | D:6      | Noticed Duvessa
  8983 | D:6      | Noticed Dowan
  8991 | D:6      | Killed Dowan
  8999 | D:5      | Slain by Duvessa

Illustrated notes

Levels and vault maps discovered:
D:1:      mrwooster_arrival_arrow, layout_basic, shapermc_ecumenical_altar_venn
D:2:      layout_basic
D:3:      layout_loops_cross
D:4:      layout_loops_ring, okawaru_metal_pillars_1_2, serial_shops,
          kennysheep_little_box, uniq_pikel
D:5:      layout_basic, overflow_temple_1_default, mainiacjoe_overflow_24_doors,
          minmay_temple_entry_junction_2
D:6:      layout_basic, grunt_temple_overflow_forces_of_nature, nrook_uturn,
          uniq_duvessa
Temple:   dshaligram_water_room_temple

Skill      XL: |  1  2  3  4  5  6  7  8 |
---------------+-------------------------+-----
Fighting       | 4 5 |  5.0
Armour         | 4 5 6 |  6.4
Polearms       | 3 4 5 7 8 9 |  9.0
Staves         | 1 2 3 |  3.9
Dodging        | 1 2 |  2.3
Shields        | 4 |  4.7
Stealth        | |  0.9

Action                   |  1- 3 |  4- 6 |  7- 9 || total
-------------------------+-------+-------+-------++-------
Melee: Trident           |   101 |   162 |   142 ||   405
       Headbutt          |    15 |    20 |    18 ||    53
Throw: Javelin           |       |     1 |       ||     1
  Use: Scroll            |       |     3 |     4 ||     7
Armor: Scale mail        |    56 |    60 |    19 ||   135
       Plate armour      |       |       |    39 ||    39
       Chain mail        |       |       |     4 ||     4
Dodge: Dodged            |    32 |    78 |    30 ||   140
Block: Buckler           |    23 |    36 |    20 ||    79

Table legend: (Time is in decaauts)
 A = Elapsed time spent in this place.
 B = Non-inter-level travel time spent in this place.
 C = Inter-level travel time spent in this place.
 D = Time resting spent in this place.
 E = Time spent auto-exploring this place.
 F = Levels seen in this place.
 G = Mean time per level.
                   A        B        C        D        E       F      G
               +--------+--------+--------+--------+--------+-----+--------+
         Total |   9017 |   9015 |      2 |   4512 |   2709 |   7 | 1288.1 |
       Dungeon |   8908 |   8906 |      2 |   4512 |   2649 |   6 | 1484.7 |
        Temple |    109 |    109 |      0 |      0 |     60 |   1 |  109.0 |
               +--------+--------+--------+--------+--------+-----+--------+

Top non-repeatable levels by time:
     D:1: 3239 daAuts
     D:4: 1813 daAuts
     D:2: 1426 daAuts
     D:3: 1082 daAuts
     D:5: 1042 daAuts
     D:6: 304 daAuts
  Temple: 109 daAuts
